 Dungeon Crawl Stone Soup version 0.20.2-3-g29329e0561 (webtiles) character file.

111 Alfie the Skirmisher (level 4, -5/41 HPs)
             Began as a Hill Orc Fighter on Apr 13, 2022.
             Slain by Grinder (8 damage)
             ... while paralysed by Grinder
             ... on level 3 of the Dungeon on May 23, 2022.
             The game lasted 00:07:04 (2144 turns).

Alfie the Skirmisher (Hill Orc Fighter)             Turns: 2144, Time: 00:07:05

Health: -5/41      AC:  8    Str: 19    XL:     4   Next: 92%
Magic:  4/4        EV:  2    Int: 13    God:
Gold:   100        SH:  0    Dex: 15    Spells: 3/3 levels left

rFire    . . .     SeeInvis .   a - +0 rapier
rCold    . . .     Gourm    .   c - +1 shield
rNeg     . . .     Faith    .   b - +1 scale mail
rPois    .         Spirit   .   (no helmet)
rElec    .         Reflect  .   (no cloak)
rCorr    .         Harm     .   (no gloves)
MR       .....                  (no boots)
Stlth    +.........             (no amulet)
Regen    0.2/turn               (no ring)
MPRegen  0.1/turn               (no ring)

@: paralysed, brilliant, agile
A: no striking features
a: no special abilities


You were on level 3 of the Dungeon.
You were not hungry.

You visited 1 branch of the dungeon, and saw 3 of its levels.

You collected 100 gold pieces.

Inventory:

Hand Weapons
 a - a +0 rapier (weapon)
 k - a +2 quarterstaff of chaos
Armour
 b - a +1 scale mail (worn)
 c - a +1 shield (worn)
 l - a +0 cloak
Jewellery
 h - an uncursed amulet of harm {unknown}
 i - an uncursed ring of wizardry
Scrolls
 g - a scroll of teleportation
Potions
 d - a potion of might
 m - a potion of magic {unknown}
Comestibles
 p - a meat ration
 q - a royal jelly


   Skills:
 + Level 4.7 Fighting
 + Level 2.8 Short Blades
 + Level 3.8 Armour
 + Level 0.1 Dodging
 + Level 4.2 Shields


You had 3 spell levels left.
You didn't know any spells.

Dungeon Overview and Level Annotations

Branches:
Dungeon (3/15)

Altars:
Ashenzari
Fedhas
Hepliaklqana
Kikubaaqudgha

Annotations:
D:3 exclusion: oklob plant, Grinder


Message History

Grinder gestures at you.
You shrug off the repeated paralysis!
Grinder says, "Just stop there for a second..."
Grinder gestures at you. You resist with significant effort.
You can move again.
It was a potion of brilliance.
You feel clever all of a sudden. You block Grinder's attack.
It was a potion of agility.
You feel agile all of a sudden. Grinder gestures at you.
You resist with significant effort.
You hit Grinder but do no damage.
Grinder is severely wounded.
Grinder says, "Don't move a muscle."
Grinder gestures at you.
You suddenly lose the ability to move!
Grinder hits you!
You die...

.........+......$..+
##....####.........
#.#.## ......? #.###
..%.? #.#### ...
#....# #)# ####.#
#.# #.# ###.######
#.# #....@5..# #.#
#....###.#
#.######.....#
##.##.)......##
#.#<#.##.........
##>...<...##.###.#
####........#
#####.#### #...


You could see Grinder.

Vanquished Creatures
  Crazy Yiuf (D:2)
  An adder (D:3)
  A worm (D:2)
  A dart slug (D:1)
  A leopard gecko (D:2)
  An orc (D:3)
  4 ball pythons (D:1)
  3 giant cockroaches
  8 goblins
  7 hobgoblins
  8 jackals
  6 kobolds
  A quokka (D:3)
  8 bats
  2 frilled lizards
  11 rats
64 creatures vanquished.

Vanquished Creatures (others)
  13 toadstools (D:3)
13 creatures vanquished.

Grand Total: 77 creatures vanquished

Notes
Turn   | Place    | Note
-------+----------+-------------------------------------------
     0 | D:1      | Alfie the Hill Orc Fighter began the quest for the Orb.
     0 | D:1      | Reached XP level 1. HP: 19/19 MP: 1/1
   104 | D:1      | Reached XP level 2. HP: 27/27 MP: 2/2
   228 | D:1      | Reached XP level 3. HP: 20/34 MP: 3/3
   888 | D:2      | Found an ancient bone altar of Kikubaaqudgha.
   972 | D:2      | Found a runed door.
   976 | D:2      | Noticed Crazy Yiuf
   984 | D:2      | Killed Crazy Yiuf
   984 | D:2      | Reached XP level 4. HP: 27/41 MP: 4/4
  1698 | D:3      | Found a shattered altar of Ashenzari.
  1698 | D:3      | Found a hazy altar of Hepliaklqana.
  1865 | D:3      | Found a blossoming altar of Fedhas.
  1877 | D:3      | Noticed an oklob plant
  2078 | D:3      | Noticed Grinder
  2081 | D:3      | Paralysed by Grinder for 7 turns
  2091 | D:3      | Paralysed by Grinder for 7 turns
  2113 | D:3      | Paralysed by Grinder for 5 turns
  2135 | D:3      | Paralysed by Grinder for 6 turns
  2138 | D:3      | HP: 2/41 [Grinder (2)]
  2143 | D:3      | Paralysed by Grinder for 6 turns
  2144 | D:3      | Slain by Grinder

Skill      XL: |  1  2  3  4 |
---------------+-------------+-----
Fighting       | 4 |  4.7
Shields        | 4 |  4.2
Short Blades   | |  2.8
Armour         | |  3.8
Dodging        | |  0.1

Action                   |  1- 3 |  4- 6 || total
-------------------------+-------+-------++-------
Melee: Rapier            |    97 |   126 ||   223
  Use: Scroll            |       |     6 ||     6
       Potion            |       |     4 ||     4
  Eat: Bread ration      |       |     1 ||     1
Armor: Scale mail        |    35 |    57 ||    92
       Skin              |       |     4 ||     4
Dodge: Dodged            |    28 |    38 ||    66
Block: Shield            |    48 |    65 ||   113
